Map: Newkirk Precinct TE (Void)

Players

aLive - Winner!

  • Race: Terran Terran
  • Spawn Location: 7:00

INnoVation

  • Race: Terran Terran
  • Spawn Location: 5:00

Event: IEM XI Katowice - World Championship 2017

VOD

Have the link to the VOD?

Description

Time

  • Played on: March 4, 2017, 9:55 a.m.
  • Length: 24:09

All games in this series

Show
View Real Time Build Order
Export as new Build Order

aLive Terran - Winner!

Build Orders: Cyclone Opening, Bio Tank 

Get SALT Encoding   

  12  0:00  SCV  
  13  0:12  SCV  
  14  0:17  Supply Depot  
  14  0:24  SCV  
  15  0:29  Refinery  
  15  0:39  SCV  
  16  0:45  Barracks  
  16  0:51  SCV  
  17  1:03  SCV  
  18  1:15  SCV  
  20  1:32  Reaper, Orbital Command  
  20  1:46  Command Center  
  20  1:57  Factory  
  20  2:00  SCV  
  21  2:06  Barracks Reactor  
  21  2:09  Refinery  
  21  2:12  SCV  
  22  2:19  Supply Depot  
  22  2:25  SCV  
  23  2:41  SCV  
  24  2:44  Marine x2, Cyclone  
  29  2:53  SCV  
  29  2:58  Orbital Command  
  30  3:05  Starport  
  30  3:09  SCV  
  30  3:11  Marine  
  31  3:14  Marine  
  32  3:21  SCV  
  32  3:24  SCV  
  33  3:31  Marine, Factory Tech Lab  
  33  3:32  Marine  
  33  3:34  SCV  
  36  3:37  SCV  
  37  3:42  Viking  
  37  3:47  SCV  
  40  3:49  SCV  
  40  3:51  Siege Tank  
  44  3:59  Supply Depot  
  44  4:01  SCV x2  
  46  4:07  Supply Depot  
  46  4:20  Marine x2, Viking  
  46  4:23  Supply Depot, SCV x2  
  51  4:35  SCV x2  
  52  4:42  Command Center  
  52  4:48  SCV x2  
  52  4:52  Factory Tech Lab  
  54  4:57  Supply Depot  
  54  5:00  Raven, SCV x2  
  54  5:03  Refinery  
  54  5:04  Refinery  
  58  5:12  SCV x2  
  60  5:17  Engineering Bay x2  
  60  5:18  Marine x2  
  60  5:20  Siege Tank  
  65  5:28  SCV x2  
  67  5:40  SCV x2  
  67  5:41  Barracks  
  67  5:42  Barracks  
  69  5:48  Terran Infantry Armor Level 1  
  69  5:50  Terran Infantry Weapons Level 1  
  69  5:56  Orbital Command  
  69  5:57  Barracks  
  69  5:59  Barracks  
  69  6:01  Stimpack  
  69  6:04  SCV x2  
  69  6:06  Marine  
  72  6:13  Supply Depot  
  72  6:16  SCV x2  
  74  6:19  Siege Tank  
  74  6:21  Orbital Command  
  77  6:26  Marine  
  77  6:30  Medivac, Barracks Reactor  
  77  6:31  Medivac, Barracks Reactor  
  82  6:33  SCV x2  
  82  6:36  Supply Depot  
  84  6:45  SCV x2  
  86  6:47  SCV  
  86  6:55  Barracks Reactor x2  
  86  6:56  Marine  
  86  6:57  Siege Tank, SCV x2  
  86  7:09  Marine x4, SCV x2, Medivac x2  
  86  7:14  Marine  
  97  7:21  Supply Depot, SCV x2  
  97  7:22  Supply Depot, Orbital Command  
  99  7:27  Marine x3  
  100  7:30  Marine  
  100  7:33  SCV  
  100  7:34  SCV  
  100  7:46  Marine x5  
  100  7:47  Marine  
  106  7:57  SCV x2  
  105  8:01  Marine x3, Combat Shields  
  105  8:04  Marine x2  
  103  8:17  Armory, Siege Tank, Medivac x2  
  106  8:23  Refinery x2  
  106  8:25  SCV x3  
  109  8:29  Refinery  
  109  8:33  Marine  
  109  8:34  Marine x7  
  110  8:35  Marine  
  118  8:43  Supply Depot  
  118  8:44  Supply Depot  
  118  8:46  Factory  
  115  8:55  Marine x8  
  107  8:56  Marine  
  107  8:57  Siege Tank  
  117  9:07  SCV  
  117  9:08  SCV x2  
  119  9:18  Terran Infantry Weapons Level 2, Sensor Tower  
  115  9:26  Marine, Missile Turret  
  115  9:27  Marine x8, Missile Turret  
  115  9:28  Terran Vehicle Weapons Level 1  
  115  9:29  Missile Turret, Siege Tank  
  129  9:40  Supply Depot  
  129  9:42  Supply Depot  
  129  9:43  Factory Tech Lab, Medivac x2  
  129  9:44  Marine x8  
  129  9:45  Marine  
  138  9:49  Sensor Tower  
  138  10:02  Siege Tank x2  
  138  10:04  Supply Depot x2  
  138  10:06  Supply Depot  
  144  10:09  Terran Infantry Armor Level 2  
  144  10:14  Marine  
  144  10:15  Marine x6  
  148  10:23  SCV x3  
  146  10:29  Marine, Missile Turret  
  146  10:30  Marine, Medivac x2  
  146  10:34  Supply Depot  
  152  10:48  Siege Tank x2  
  152  10:49  Marine x2  
  159  10:50  Marine x7  
  167  11:00  Medivac  
  167  11:03  Supply Depot  
  168  11:06  Command Center  
  168  11:08  Supply Depot  
  168  11:14  Marine x6  
  168  11:15  Marine x3  
  174  11:25  Terran Vehicle Weapons Level 2  
  174  11:33  Marine x9  
  174  11:34  Siege Tank x2  
  174  11:39  Terran Infantry Weapons Level 3  
  177  11:57  Marine x8  
  177  11:58  Marine  
  170  12:08  Siege Tank x2, Medivac x2  
  180  12:09  Barracks x2  
  180  12:15  Marine  
  179  12:27  Terran Infantry Armor Level 3  
  179  12:34  Marine x9  
  188  12:51  Marine  
  188  12:52  Marine x7  
  196  13:06  Marine  
  196  13:09  Marine x4  
  196  13:10  Marine x3  
  197  13:27  Siege Tank  
  197  13:29  Planetary Fortress  
  193  13:44  Terran Vehicle Weapons Level 3  
  192  13:49  Barracks Reactor x2  
  182  14:03  Viking x2, Siege Tank x2  
  182  14:04  Marine x9  
  197  14:22  Marine x9  
  151  14:31  Marine  
  151  14:32  Marine x2  
  151  14:35  Siege Tank x2  
  151  14:37  Marine  
  129  14:42  Marine  
  129  14:43  Marine  
  107  14:56  Marine x2  
  107  14:57  Marine x2  
  106  15:06  Marine  
  106  15:11  Marine x4  
  79  15:23  Marine x4  
  79  15:25  Marine  
  79  15:31  Marine x2  
  75  15:43  Marine x4  
  75  15:44  Marine  
  79  15:50  Marine  
  79  15:52  Marine x2  
  82  16:00  Orbital Command  
  82  16:01  Siege Tank  
  81  16:10  Marine x2  
  81  16:11  Marine  
  82  16:19  Marine  
  83  16:28  Marine  
  79  17:04  Siege Tank  
  78  17:11  Marine  
  78  17:12  Marine x4  
  71  17:40  Siege Tank  
  74  17:50  Marine  
  74  18:01  Marine  
  75  18:28  Orbital Command  
  75  18:31  Marine  
  76  18:42  Marine  
  76  19:13  Marine x2  
  76  19:57  Starport  
  76  20:46  Orbital Command  
  76  21:39  Orbital Command  
  75  22:07  Marine  
  64  22:34  Orbital Command  
  64  22:39  Orbital Command  
  58  23:26  Viking  
  60  23:36  Siege Tank  
  62  23:50  Marine  
  62  23:51  Marine x3  
Show
View Real Time Build Order
Export as new Build Order

INnoVation Terran 

Build Orders: 1/1/1, Cyclone Opening, Bio Tank 

Get SALT Encoding   

  12  0:00  SCV  
  13  0:12  SCV  
  14  0:17  Supply Depot  
  14  0:24  SCV  
  15  0:29  Refinery  
  15  0:39  SCV  
  16  0:45  Barracks  
  16  0:51  SCV  
  17  0:57  Refinery  
  17  1:03  SCV  
  18  1:15  SCV  
  19  1:32  Orbital Command  
  19  1:34  Factory  
  19  1:36  Reaper  
  20  1:48  Supply Depot  
  20  1:57  SCV  
  21  2:08  Reaper  
  22  2:09  SCV  
  23  2:17  Hellion  
  23  2:18  Starport  
  23  2:22  SCV  
  26  2:26  Supply Depot  
  26  2:34  SCV  
  27  2:41  Barracks Tech Lab  
  27  2:42  Cyclone  
  30  2:46  SCV  
  31  2:58  SCV  
  32  3:02  Raven  
  34  3:10  SCV  
  35  3:16  Barracks Reactor  
  35  3:24  Command Center  
  35  3:25  SCV  
  36  3:32  Supply Depot, Widow Mine  
  38  3:37  SCV  
  39  3:53  Raven  
  39  3:54  SCV  
  39  3:55  Marine x2  
  44  3:57  Supply Depot  
  44  4:02  Factory Tech Lab  
  44  4:06  SCV  
  45  4:12  Marine  
  45  4:13  Marine  
  46  4:18  SCV  
  47  4:26  Siege Tank  
  47  4:30  Marine x2, SCV  
  53  4:37  Orbital Command  
  53  4:42  SCV  
  54  4:51  Command Center  
  54  4:54  SCV  
  54  4:58  Refinery  
  54  4:59  Refinery  
  55  5:04  SCV  
  55  5:06  SCV  
  57  5:08  Marine  
  57  5:11  Stimpack  
  58  5:17  SCV  
  58  5:18  SCV  
  60  5:22  Viking x2  
  62  5:29  SCV  
  62  5:30  SCV  
  62  5:31  Siege Tank  
  62  5:34  Marine, Supply Depot  
  68  5:41  SCV  
  69  5:43  SCV  
  70  5:55  Viking x2, SCV  
  70  5:56  SCV  
  76  6:00  Marine  
  76  6:03  Orbital Command  
  77  6:08  SCV x2  
  77  6:09  Siege Tank  
  81  6:17  Supply Depot  
  79  6:20  SCV x2, Barracks x2  
  79  6:23  Marine  
  82  6:29  Viking  
  82  6:32  SCV x2, Orbital Command  
  86  6:35  Engineering Bay  
  86  6:36  Engineering Bay  
  86  6:40  Supply Depot  
  86  6:41  Marine  
  86  6:43  Siege Tank  
  86  6:44  SCV x2  
  92  6:52  Supply Depot  
  92  6:56  SCV  
  92  6:57  SCV  
  92  6:58  SCV  
  95  7:07  Terran Infantry Armor Level 1, Terran Infantry Weapons Level 1  
  95  7:09  SCV x2  
  95  7:10  Barracks  
  95  7:11  Barracks, SCV, Barracks Reactor x2  
  95  7:12  Combat Shields  
  95  7:15  Marine  
  99  7:17  Siege Tank  
  102  7:24  Supply Depot x2  
  102  7:25  SCV x2  
  102  7:26  SCV  
  103  7:33  Marine  
  103  7:35  Refinery  
  103  7:36  Refinery  
  104  7:37  SCV x2  
  104  7:38  SCV  
  105  7:47  Marine x2  
  105  7:49  Marine x2, Siege Tank  
  105  7:51  Marine  
  111  7:54  SCV x2  
  111  7:55  SCV  
  89  8:06  SCV  
  89  8:07  SCV x2, Barracks Reactor x2  
  89  8:10  Marine x2  
  89  8:11  Marine x3  
  95  8:19  SCV x3  
  94  8:22  Siege Tank  
  94  8:26  Medivac x2  
  101  8:28  Armory  
  101  8:31  SCV x3  
  104  8:34  Marine  
  104  8:35  Marine x4  
  104  8:41  Refinery  
  109  8:43  Supply Depot  
  109  8:46  SCV x3  
  112  8:52  Marine x2  
  112  8:53  Marine  
  107  8:56  Siege Tank, Medivac x2  
  107  8:58  Marine x5  
  107  9:02  SCV x3  
  120  9:07  Sensor Tower  
  120  9:08  Supply Depot  
  120  9:14  Marine x2  
  120  9:15  SCV x2  
  124  9:18  Terran Infantry Weapons Level 2, Terran Infantry Armor Level 2, SCV  
  124  9:21  Marine x2  
  127  9:28  Siege Tank  
  130  9:31  Marine x5  
  130  9:32  Marine x2  
  130  9:37  Terran Vehicle Weapons Level 1  
  136  9:38  Supply Depot  
  136  9:39  Marine, Medivac  
  136  9:42  Medivac  
  136  9:44  Marine  
  142  9:49  Marine x4  
  146  9:55  Supply Depot  
  146  9:56  Supply Depot  
  146  9:57  Factory  
  145  10:01  Marine x4  
  145  10:02  Marine  
  145  10:05  Siege Tank  
  153  10:07  Marine x3  
  153  10:13  Command Center  
  155  10:15  Supply Depot  
  143  10:27  Marine, Medivac x2  
  143  10:28  Marine x8  
  144  10:39  Siege Tank  
  141  10:45  Marine x4  
  141  10:46  Marine x2  
  141  10:49  Factory Tech Lab  
  147  10:50  Marine  
  147  10:51  Marine x2  
  150  10:57  Medivac x2  
  150  11:03  Marine x2  
  156  11:06  Barracks x2  
  156  11:08  Supply Depot  
  156  11:11  Siege Tank x2  
  156  11:13  Marine x4  
  156  11:14  Marine x2  
  160  11:26  Marine x2  
  160  11:27  Medivac x2  
  164  11:37  Terran Infantry Armor Level 3, Terran Infantry Weapons Level 3  
  164  11:42  SCV x2  
  164  11:43  SCV  
  163  11:56  Siege Tank x2, Barracks Reactor x2  
  169  12:07  Command Center  
  169  12:15  Medivac x2  
  173  12:16  Marine x5  
  177  12:23  Terran Vehicle Weapons Level 2  
  177  12:27  Marine x4  
  177  12:28  Siege Tank  
  184  12:34  Marine x3  
  184  12:35  Marine x3  
  189  12:46  Supply Depot  
  189  12:55  Marine x2  
  189  12:57  Marine  
  189  12:58  Marine  
  189  13:01  Marine  
  189  13:02  Marine  
  189  13:03  Marine  
  189  13:04  Siege Tank  
  185  13:12  Marine x2, Siege Tank  
  183  13:13  Marine x6, Medivac x2  
  183  13:15  Marine  
  183  13:16  Marine  
  183  13:19  Marine  
  197  13:20  Marine  
  175  13:39  Marine x5, Siege Tank  
  176  13:43  Medivac x2  
  176  13:44  Siege Tank  
  183  13:51  Marine x2  
  183  13:52  Marine  
  177  14:06  Marine x9  
  185  14:11  Marine x2  
  185  14:15  Siege Tank  
  171  14:30  Marine x7  
  120  14:53  Orbital Command  
  120  14:55  Marine x2  
  119  15:00  Marine  
  119  15:18  Marine  
  119  15:19  Marine  
  83  15:42  Orbital Command  
  83  16:13  Marine  
  83  16:15  Marine  
  84  16:22  Marine  
  84  16:30  Marine x3  
  87  16:33  Marine  
  87  16:34  Marine  

Tags
 
Add a new tag
Caveats
  • Supply blocks, unpowered buildings, or Contaminate may cause inaccurate times.
  • Supply counts are checked every 10 seconds.